 Dungeon Crawl Stone Soup version 0.31.0-10-gcf4a605ca0 (webtiles) character file.

Game seed: 6632828163716266081

1382 Gadfly the Ruffian (level 8, 0/67 HPs)
             Began as a Black Draconian Shapeshifter on Jan 25, 2024.
             Was an Initiate of Ru.
             Slain by an ice beast (4 damage)
             ... on level 6 of the Dungeon.
             The game lasted 00:12:27 (5779 turns).

Gadfly the Ruffian (Black Draconian Shapeshifter)   Turns: 5779, Time: 00:12:28

Health: 0/67       AC:  6    Str: 16    XL:     8   Next: 40%
Magic:  8/8        EV: 13    Int: 10    God:    Ru [......]
Gold:   265        SH:  0    Dex: 14    Spells: 6/7 levels left

rFire   . .          .
                       - Unarmed
rCold   . . .        (no shield)
rNeg    . . .        (body armour unavailable)
rPois   +            (helmet currently unavailable)
rElec   +            g - melded scarf {repulsion}
rCorr   .            (gloves currently unavailable)
SInv    .            m - melded +1 pair of boots
Will    .....        (no amulet)
Stlth   +            e - ring of poison resistance
HPRegen 0.31/turn    (no ring)
MPRegen 0.11/turn

%: no passive effects
@: short of breath, beast-form
A: beast (slay +2), breathe lightning, AC +6, unfitting armour, electricity
resistance, cold-blooded
a: Breathe Lightning, Begin Untransformation, Renounce Religion


You were on level 6 of the Dungeon.
You worshipped Ru.
Ru was noncommittal.
You were a hulking beast.
You visited 2 branches of the dungeon, and saw 7 of its levels.

You collected 265 gold pieces.

Inventory:

Hand Weapons
 b - a +4 hand axe of flaming
Armour
 g - a scarf of repulsion (melded)
 m - a +1 pair of boots (melded)
Jewellery
 e - a ring of poison resistance (left hand)
Talismans
 c - a flux talisman
 f - a beast talisman (active)
Wands
 l - a wand of polymorph (11) (quivered)
Scrolls
 i - a scroll of butterflies
 k - a scroll of poison
 n - a scroll of vulnerability
 o - a scroll of revelation {unknown}
Potions
 a - 3 potions of lignification
 d - 2 potions of might
 h - 2 potions of resistance
 j - a potion of curing


   Skills:
 + Level 4.9 Fighting
 + Level 4.4 Dodging
 * Level 6.1 Unarmed Combat
 * Level 3.6 Evocations
 + Level 5.1 Shapeshifting


You had 6 spell levels left.
You knew the following spells:

 Your Spells              Type           Power      Damage    Failure   Level
a - Apportation           Tloc           0%         N/A       36%         1

Your spell library contained the following spells:

 Spells                   Type           Power      Damage    Failure   Level
 Magic Dart               Conj           0%         1d3       36%         1
 Blink                    Tloc           0%         N/A       50%         2
 Call Imp                 Summ           0%         N/A       50%         2
 Jinxbite                 Hex            0%         N/A       50%         2
 Mercury Vapours          Alch/Air       0%         N/A       50%         2
 Inner Flame              Hex/Fire       0%         N/A       75%         3
 Mephitic Cloud           Conj/Alch/Air  0%         N/A       75%         3
 Alistair's Intoxication  Alch           0%         N/A       100%        5
 Freezing Cloud           Conj/Ice/Air   0%         6-21      100%        5
 Irradiate                Conj/Alch      0%         3d11      100%        5
 Ignition                 Fire           0%         3d3       100%        8


Dungeon Overview and Level Annotations

Branches:
Dungeon (6/15)             Temple (1/1) D:6

Altars:
Ashenzari
Cheibriados
Dithmenos
Hepliaklqana
Kikubaaqudgha
Nemelex Xobeh
Qazlal
Ru
Trog
Uskayaw
Vehumet
Yredelemnul
Zin
The Shining One


Innate Abilities, Weirdness & Mutations

You are a hulking beast.
Your limbs bulge with bestial killing power. (Slay +2)
You can breathe wild blasts of lightning.
Your glossy black scales are hard. (AC +6)
You cannot fit into any form of body armour.
You are resistant to electric shocks. (rElec)
You are cold-blooded and may be slowed by cold attacks.


Message History

The ice beast barely misses you.
You hit the ice beast but do no damage.
Your tail-slap misses the ice beast.
The ice beast is lightly wounded.
The ice beast hits you. The ice beast freezes you!
You feel yourself slow down.
You closely miss the ice beast.
The ice beast is lightly wounded.
The ice beast hits you. The ice beast freezes you!
* * * LOW HITPOINT WARNING * * *
You are too injured to fight recklessly!
You are too injured to fight recklessly!
You are too injured to fight recklessly!
You are too injured to fight recklessly!
You are too injured to fight recklessly!
You are too injured to fight recklessly!
You are too injured to fight recklessly!
You are too injured to fight recklessly!
You are too injured to fight recklessly!
You are too injured to fight recklessly!
You are too injured to fight recklessly!
You are too injured to fight recklessly!
You are too injured to fight recklessly!
You are too injured to fight recklessly!
You are too injured to fight recklessly!
You are too injured to fight recklessly!
You are too injured to fight recklessly!
Unknown command.
Activating: Breathe Lightning (4% risk of failure)
Press: ? - help, Dir - look around, f - activate You breathe a wild blast of lightning!
The bolt of lightning misses you. The bolt of lightning hits you! You resist.
* * * LOW HITPOINT WARNING * * *
The orb of electricity explodes!
You feel yourself speed up.
You hear a croak.
You hear an angry hiss.
The ice beast hits you.
* * * LOW HITPOINT WARNING * * *
The ice beast freezes you.
* * * LOW HITPOINT WARNING * * *
The ice beast hits you.
You die...

#####.## #.....#
# ##.#...#
#.###..#.####.##
................
#....<.#.######.
#......#.####
......YW....#
..#####h.##.....
# #.## ####
#?))# #..##.
.... .# #### ##


You could see an ice beast and a phantom.

Vanquished Creatures
  Grinder (D:3)
  Sigmund (D:5)
  A black bear (D:6)
  A centaur (D:6)
  A bullfrog (D:6)
  2 scorpions
  A howler monkey (D:5)
  A bombardier beetle (D:5)
  A jelly (D:6)
  2 hounds
  3 iguanas
  3 orc priests
  Jessica (D:2)
  Terence (D:2)
  3 orc wizards
  Robin (D:2)
  4 gnolls (D:3)
  5 adders
  A shadow imp (D:5)
  A dart slug (D:4)
  18 orcs
  6 endoplasms
  3 giant cockroaches
  11 goblins
  8 hobgoblins
  4 jackals (D:2)
  8 quokkas
  3 ball pythons
  2 bats
  7 frilled lizards
  8 kobolds
  7 rats
120 creatures vanquished.

Vanquished Creatures (others)
  A quokka (D:6)
1 creature vanquished.

Grand Total: 121 creatures vanquished

Notes
Turn   | Place    | Note
-------+----------+-------------------------------------------
     0 | D:1      | Gadfly the Draconian Shapeshifter began the quest for the
                  | Orb.
     0 | D:1      | Reached XP level 1. HP: 16/16 MP: 1/1
   190 | D:1      | Reached XP level 2. HP: 23/23 MP: 2/2
   728 | D:2      | Noticed Jessica
   738 | D:2      | Killed Jessica
   739 | D:2      | Reached XP level 3. HP: 25/29 MP: 3/3
   780 | D:2      | Noticed Robin
   805 | D:2      | Killed Robin
   809 | D:2      | Reached XP level 4. HP: 15/36 MP: 4/4
  1004 | D:2      | Noticed Terence
  1016 | D:2      | Killed Terence
  1306 | D:2      | Reached XP level 5. HP: 44/44 MP: 5/5
  1661 | D:3      | Reached skill level 4 in Unarmed Combat
  1753 | D:3      | Noticed Grinder
  1770 | D:3      | HP: 1/45 [Grinder (5)]
  1771 | D:3      | Killed Grinder
  1772 | D:3      | Reached XP level 6. HP: 1/52 MP: 6/6
  1995 | D:3      | Found a stormy altar of Qazlal.
  2094 | D:3      | Found a broken altar of Ashenzari.
  2094 | D:3      | Found a sparkling altar of Nemelex Xobeh.
  3225 | D:3      | Learned a level 1 spell: Apportation
  3316 | D:3      | Found a bloodstained altar of Trog.
  3322 | D:3      | Your scales start taking on a glossy black colour.
  3322 | D:3      | Reached XP level 7. HP: 58/58 MP: 7/7
  3322 | D:3      | Gained mutation: You are resistant to electric shocks.
                  | (rElec) [Black Draconian growth]
  3526 | D:4      | Reached skill level 1 in Evocations
  3654 | D:4      | You fall into a shaft and drop 1 floor!
  3654 | D:5      | Entered Level 5 of the Dungeon
  3665 | D:5      | Found a shadowy altar of Dithmenos.
  4077 | D:5      | Reached skill level 5 in Unarmed Combat
  4836 | D:5      | Noticed Sigmund
  4845 | D:5      | Killed Sigmund
  5127 | D:6      | Reached XP level 8. HP: 46/67 MP: 8/8
  5324 | D:6      | Reached skill level 5 in Shapeshifting
  5433 | D:6      | Found a staircase to the Ecumenical Temple.
  5509 | Temple   | Entered the Ecumenical Temple
  5562 | Temple   | Became a worshipper of Ru the Awakened
  5624 | D:6      | Reached skill level 6 in Unarmed Combat
  5779 | D:6      | Slain by an ice beast

Illustrated notes

Levels and vault maps discovered:
D:1:      sevenhm_arrival_forest_fort_small_3, layout_basic
D:2:      layout_basic, roderic_roman_lattice, minmay_tetromino_o2,
          uniq_jessica, uniq_terence, uniq_robin
D:3:      layout_basic, trog_butcher_becter, old_standard_altar,
          nicolae_overflow_two_pavilions, uniq_grinder
D:4:      layout_rooms
D:5:      layout_rooms, nicolae_dithmenos_the_darkroom, serial_co_window_serial,
          co_window_paths_b, co_window_paths_a, co_window_corner_a,
          co_window_corner_a, co_window_paths_a, co_window_paths_b,
          co_window_broadway_a, co_window_paths_c, co_window_of_opportunity_b,
          co_window_4corner_b, co_window_4corner_a, glass_columns_b,
          glass_columns_a, chequers_serial_rivers_marsh, uniq_sigmund
D:6:      minmay_general_purpose_star, layout_rooms, elyvilon_altar_4,
          fedhas_bush_and_centaur_altar, minmay_temple_entry_enclosed_plants
Temple:   kb_temple_of_zot

Skill      XL: |  1  2  3  4  5  6  7  8 |
---------------+-------------------------+-----
Dodging        | 2 3 4 |  4.4
Fighting       | 2 3 4 |  4.9
Unarmed Combat | 4 5 6 |  6.1
Shapeshifting  | 4 5 |  5.1
Evocations     | 2 3 |  3.6

Action                     |  1- 3 |  4- 6 |  7- 9 || total
---------------------------+-------+-------+-------++-------
  Melee: Unarmed           |    73 |   161 |   136 ||   370
         Spear             |    17 |       |       ||    17
         Punch             |     2 |     6 |     7 ||    15
         Tailslap          |     5 |    18 |    20 ||    43
Ability: Begin Untransform |       |     1 |     1 ||     2
         Breathe Lightning |       |       |     2 ||     2
    Use: Scroll            |     2 |     8 |     4 ||    14
   Stab: Sleeping          |       |       |     1 ||     1
 Armour: Skin              |    35 |   100 |    84 ||   219
  Dodge: Dodged            |    48 |   130 |    84 ||   262
   Form: Beast             |     1 |     2 |     2 ||     5
                           |       |     1 |     1 ||     2
